 Dungeon Crawl Stone Soup version 0.31-a0-263-ge8cad7f256 (webtiles) character file.

Game seed: 8747647100450611265

128 qw the Shooter (level 4, -4/37 HPs)
             Began as a Minotaur Hexslinger on July 13, 2023.
             Slain by Duvessa
             ... wielding a +4 rapier of speed
              (9 damage)
             ... on level 4 of the Dungeon.
             The game lasted 00:00:50 (2259 turns).

qw the Shooter (Minotaur Hexslinger)                Turns: 2259, Time: 00:00:51

Health: -4/37      AC:  7    Str: 14      XL:     4   Next: 86%
Magic:  4/4        EV: 12    Int:  7 (10) God:
Gold:   187        SH:  0    Dex: 15      Spells: 4/5 levels left

rFire   . . .        Y - +2 sling
rCold   . . .        (no shield)
rNeg    . . .        k - +1 robe {Will+}
rPois   .            (helmet restricted)
rElec   .            o - +1 cloak "Ysoell" {Str+2 SInv}
rCorr   .            (no gloves)
SInv    +            a - +1 pair of boots {Stlth+}
Will    +....        (no amulet)
Stlth   ++           (no ring)
HPRegen 0.26/turn    (no ring)
MPRegen 0.09/turn

%: no passive effects
@: about to teleport
A: horns 2, retaliatory headbutt
a: no special abilities


You were on level 4 of the Dungeon.
You visited 1 branch of the dungeon, and saw 4 of its levels.

You collected 187 gold pieces.


Innate Abilities, Weirdness & Mutations

You have a pair of horns on your head.
You reflexively headbutt those who attack you in melee.


   Skills:
 + Level 2.4 Fighting
 - Level 5.2 Ranged Weapons
 - Level 2.1 Dodging
 - Level 1.0 Spellcasting
 - Level 2.0 Hexes


You had 4 spell levels left.
You knew the following spells:

 Your Spells              Type           Power      Damage    Failure   Level
a - Slow                  Hex            12%        N/A       19%         1

Your spell library contained the following spells:

 Spells                   Type           Power      Damage    Failure   Level
 Inner Flame              Hex/Fire       1%         N/A       63%         3
 Portal Projectile        Hex/Tloc       2%         N/A       63%         3
 Cause Fear               Hex            1%         N/A       88%         4

Inventory:

Hand Weapons
 Y - a +2 sling (weapon)
Armour
 a - a +1 pair of boots of stealth (worn)
 c - a +0 pair of gloves
 e - a +0 ring mail
 k - a +1 robe of willpower (worn)
 o - the +1 cloak "Ysoell" (worn) {Str+2 SInv}
   (You acquired it on level 3 of the Dungeon)

   Str:       It affects your strength (+2).
   SInv:      It lets you see invisible.
Scrolls
 d - 2 scrolls of teleportation
 m - 2 scrolls of identify
Potions
 b - 2 potions of haste
 h - 3 potions of curing
 i - 2 potions of heal wounds
 j - a potion of enlightenment
 l - a potion of resistance {unknown}

Dungeon Overview and Level Annotations

Branches:
Dungeon (4/15)
 Temple: D:4-7

Altars:
Cheibriados
Uskayaw

Annotations:
D:4 Dowan, Duvessa


Message History

Enter note: Duvessa and Dowan come into view.
Duvessa is wielding a +4 rapier of speed.
Found a blackened sapphire ring.
Enter note:
Enter note:
Enter note:
Enter note: You shoot a sling bullet.
The sling bullet hits Duvessa.
Duvessa shouts!
Duvessa is lightly wounded.
Duvessa says, "Where magic fails, the sword succeeds!"
You shoot a sling bullet. The sling bullet hits Duvessa.
Duvessa is lightly wounded.
Duvessa closely misses you.
You shoot a sling bullet. The sling bullet hits Duvessa.
Duvessa is lightly wounded.
You shoot a sling bullet.
The sling bullet hits Duvessa but does no damage.
Duvessa is lightly wounded.
Duvessa barely misses you. Dowan closely misses you.
You shoot a sling bullet. The sling bullet hits Duvessa.
Duvessa is moderately wounded.
Duvessa hits you with a +4 rapier of speed.
Dowan completely misses you. Duvessa closely misses you.
You shoot a sling bullet. The sling bullet hits Duvessa.
Duvessa is heavily wounded.
Duvessa hits you with a +4 rapier of speed!
Dowan hits you with a +0 dagger.
You shoot a sling bullet.
The sling bullet hits Duvessa but does no damage.
Duvessa is heavily wounded.
Duvessa hits you with a +4 rapier of speed!
Dowan hits you with a +0 dagger.
Duvessa hits you with a +4 rapier of speed.
2259 ||| READING 3 scrolls of teleportation.
As you read the scroll of teleportation, it crumbles to dust.
You feel strangely unstable.
Duvessa hits you with a +4 rapier of speed!
You die...

#.##.......#.#
#.##.......#.#
...####.####.# .
........# #..# ..
.......## #.## ..
......#####.##### .#
......###.......###..#
..........#####.....#
)..............e@####
.##.........>.##e#
.............. ..#
.#........... ...#
.............=...#
..##..........##..
#............. #..
...#..## ### #.. #.##
.#


You could see Duvessa and Dowan.

Vanquished Creatures
  A jelly (D:4)
  5 adders
  A worm (D:3)
  A dart slug (D:2)
  4 bats
  3 endoplasms
  3 giant cockroaches
  4 goblins
  5 hobgoblins
  2 jackals (D:4)
  2 kobolds
  3 quokkas
  7 ball pythons
  A frilled lizard (D:2)
  7 rats
49 creatures vanquished.

Notes
Turn   | Place    | Note
-------+----------+-------------------------------------------
     0 | D:1      | qw the Minotaur Hexslinger began the quest for the Orb.
     0 | D:1      | Reached XP level 1. HP: 16/16 MP: 1/1
     0 | D:1      | 0 ||| qw: Version: 0.3-a-52-g30416fa
     0 | D:1      | 0 ||| qw: Game counter: 7243
     0 | D:1      | 0 ||| qw: Melee chars always use a shield: true
     0 | D:1      | 0 ||| qw: God list: Okawaru
     0 | D:1      | 0 ||| qw: Allow faded altars: false
     0 | D:1      | 0 ||| qw: Do Orc after clearing Dungeon:15 true
     0 | D:1      | 0 ||| qw: Do second Lair branch before Depths: true
     0 | D:1      | 0 ||| qw: Lair rune preference: random
     0 | D:1      | 0 ||| qw: Goals: Normal
     0 | D:1      | 0 ||| PLANNING D:1-11
   235 | D:1      | Reached skill level 3 in Ranged Weapons
   235 | D:1      | Reached XP level 2. HP: 23/23 MP: 2/2
   675 | D:1      | 675 ||| READING scroll labelled DURPHU PANOCAOQ.
   675 | D:1      | Identified a scroll of acquirement
   675 | D:1      | 675 ||| ACQUIRING +1 pair of boots of stealth
   675 | D:1      | Acquired a +1 pair of boots of stealth
   677 | D:1      | 677 ||| UPGRADING to +1 pair of boots of stealth.
   682 | D:1      | 682 ||| READING scroll labelled FEJOCIA SATAK.
   683 | D:1      | 683 ||| READING 4 scrolls labelled AGOSANK OSSENT.
   684 | D:1      | 684 ||| DRINKING 2 ruby potions.
   685 | D:1      | 685 ||| DRINKING 2 sapphire potions.
   686 | D:1      | 686 ||| DROPPING scroll of poison.
   687 | D:1      | 687 ||| DROPPING 3 scrolls of revelation.
   734 | D:2      | Reached XP level 3. HP: 27/29 MP: 3/3
   831 | D:2      | HP: 7/29 [poisoned by an adder]
   980 | D:2      | Reached skill level 4 in Ranged Weapons
   997 | D:2      | Found a faded altar of an unknown god.
  1182 | D:2      | 1182 ||| UPGRADING to +0 ring mail.
  1192 | D:2      | 1192 ||| DROPPING +0 robe.
  1193 | D:2      | 1193 ||| UPGRADING to +1 robe of willpower.
  1203 | D:2      | 1203 ||| READING scroll labelled SUJ EKHOTAU.
  1204 | D:2      | 1204 ||| READING scroll labelled ONOTEL QAIRIE.
  1207 | D:2      | 1207 ||| READING scroll labelled DULACRI ESERE.
  1208 | D:2      | 1208 ||| DRINKING 2 coppery potions.
  1706 | D:3      | Reached XP level 4. HP: 36/36 MP: 4/4
  1749 | D:3      | 1749 ||| READING scroll of acquirement.
  1749 | D:3      | 1749 ||| ACQUIRING +1 cloak "Ysoell" {Str+2 SInv}
  1749 | D:3      | Acquired the +1 cloak "Ysoell" {Str+2 SInv}
  1751 | D:3      | 1751 ||| UPGRADING to +1 cloak "Ysoell" {Str+2 SInv}.
  2010 | D:3      | 2010 ||| READING scroll labelled SUDUNN DEGA.
  2011 | D:3      | 2011 ||| READING scroll labelled CIMOSU QUTZA.
  2012 | D:3      | 2012 ||| DRINKING 3 amethyst potions.
  2013 | D:3      | 2013 ||| DRINKING 2 orange potions.
  2014 | D:3      | 2014 ||| DRINKING 2 sedimented orange potions.
  2015 | D:3      | 2015 ||| READING 2 scrolls of identify.
  2015 | D:3      | 2015 ||| IDENTIFYING metallic ruby potion
  2016 | D:3      | 2016 ||| DROPPING 2 potions of attraction.
  2017 | D:3      | 2017 ||| DROPPING potion of berserk rage.
  2018 | D:3      | 2018 ||| DROPPING potion of degeneration.
  2028 | D:4      | Found a snail-covered altar of Cheibriados.
  2100 | D:4      | Reached skill level 5 in Ranged Weapons
  2133 | D:4      | Found a hide-covered altar of Uskayaw.
  2251 | D:4      | Noticed Duvessa
  2251 | D:4      | Noticed Dowan
  2258 | D:4      | HP: 9/37 [Dowan/+0 dagger (4)]
  2259 | D:4      | 2259 ||| READING 3 scrolls of teleportation.
  2259 | D:4      | Slain by Duvessa

Levels and vault maps discovered:
D:1:      ebering_trefoil_3fold, layout_loops_cross, minmay_tiny_reverse_x
D:2:      layout_rooms, ebering_ecumenical_altar_box, minivault_11
D:3:      layout_loops_corners
D:4:      layout_rooms, nicolae_uskayaw_murder_on_the_dancefloor,
          mainiacjoe_overflow_small_starburst, uniq_duvessa

Skill      XL: |  1  2  3  4 |
---------------+-------------+-----
Ranged Weapons | 3 4 5 |  5.2
Fighting       | 2 |  2.4
Dodging        | |  2.1
Spellcasting   | |  1.0
Hexes          | |  2.0

Action                     |  1- 3 |  4- 6 || total
---------------------------+-------+-------++-------
   Fire: Sling             |   103 |    52 ||   155
    Use: Scroll            |     6 |     5 ||    11
         Potion            |     3 |     3 ||     6
 Armour: Robe              |    11 |    11 ||    22
  Dodge: Dodged            |    24 |    16 ||    40

Table legend:
 A = Non-vault XP
 B = Vault XP
 C = Vault XP percentage of total XP
 D = Non-vault monster count
 E = Vault monster count
 F = Vault count percentage of total count
                 A         B        C        D         E       F
            +---------+---------+-------+---------+---------+-------
      Total |     181 |       2 |   1.1 |      47 |       2 |   4.1
            +---------+---------+-------+---------+---------+-------
        D:1 |      22 |       2 |   8.3 |      13 |       2 |  13.3
        D:2 |      58 |       0 |   0.0 |      14 |       0 |   0.0
        D:3 |      15 |       0 |   0.0 |       8 |       0 |   0.0
        D:4 |      86 |       0 |   0.0 |      12 |       0 |   0.0
            +---------+---------+-------+---------+---------+-------
